 Dungeon Crawl Stone Soup version 0.29.0-11-gd7f09526c8 (webtiles) character file.

Game seed: 6625035506681796394

40 xian the Conjurer (level 3, -2/14 HPs)
             Began as a Felid Conjurer on Sept 3, 2022.
             Slain by an adder (4 damage)
             ... on level 2 of the Dungeon.
             The game lasted 00:02:21 (1099 turns).

xian the Conjurer (Felid Conjurer)                  Turns: 1099, Time: 00:02:21

Health: -2/14      AC:  1    Str:  3    XL:     3   Next: 30%
Magic:  2/7        EV: 17    Int: 27    God:
Gold:   71         SH:  0    Dex: 14    Spells: 3/6 levels left
                                        Lives:  0   Deaths: 0

rFire   . . .      SeeInvis +   (weapon unavailable)
rCold   . . .      Faith    .   (shield unavailable)
rNeg    . . .      Spirit   .   (body armour unavailable)
rPois   .          Reflect  .   (helmet unavailable)
rElec   .          Harm     .   (cloak unavailable)
rCorr   .          Rampage  .   (gloves unavailable)
Will    .....                   (boots unavailable)
Stlth   ++........              (no amulet)
HPRegen 0.04/turn               e - +6 ring of intelligence
MPRegen 0.10/turn               (no ring)

@: lethally poisoned (-2 -> -4), quick
A: very small, claws 1, fangs 3, see invisible, speed 1, shaggy fur 1, stealthy
paws, no weapons or thrown items, no armour, multi-lived
a: no special abilities


You were on level 2 of the Dungeon.
You visited 1 branch of the dungeon, and saw 2 of its levels.

You collected 71 gold pieces.

Inventory:

Jewellery
 e - a +6 ring of intelligence (left paw)
Scrolls
 b - a scroll of magic mapping {unknown}
 c - 2 scrolls of identify {unknown}
 d - 2 scrolls of teleportation {unknown}
Potions
 a - a potion of magic


   Skills:
 + Level 2.8 Dodging
 + Level 2.9 Stealth
 + Level 0.1 Unarmed Combat
 + Level 2.4 Spellcasting
 + Level 4.3 Conjurations


You had 3 spell levels left.
You knew the following spells:

 Your Spells              Type           Power      Damage    Failure   Level
a - Magic Dart            Conj           100%       1d8       1%          1
b - Searing Ray           Conj           52%        2d6       2%          2

Your spell library contained the following spells:

 Spells                   Type           Power      Damage    Failure   Level
 Dazzling Flash           Conj/Hex       28%        N/A       12%         3
 Fulminant Prism          Conj/Hex       7%         3d7       36%         4
 Iskenderun's Mystic Bla  Conj/Tloc      14%        2d5       36%         4


Dungeon Overview and Level Annotations

Branches:
Dungeon (2/15)

Altars:


Innate Abilities, Weirdness & Mutations

You have sharp claws.
You have razor-sharp teeth.
You have supernaturally acute eyesight. (SInv)
You cover ground quickly. (Speed+)
You are covered in fur. (AC +1)
Your paws help you pounce on unaware monsters.
You are incapable of wielding weapons or throwing items.
You cannot wear armour.
You gain extra lives every three experience levels.


Message History

The magic dart hits the giant cockroach.
You kill the giant cockroach!
You are out of magic!
A kobold comes into view. It is wielding a +0 short sword.
The magic dart hits the kobold but does no damage.
The kobold shouts!
You hear an angry hiss.
A ball python comes into view.
You are out of magic!
You are out of magic!
You are out of magic!
There are monsters nearby!
There is a stone staircase leading up here.
The magic dart hits the kobold but does no damage.
You see here a rat corpse.
Found two stone staircases leading down.
The magic dart hits the kobold.
You kill the kobold!
An adder comes into view.
The adder hisses angrily.
Things that are here:
a +0 short sword; a kobold corpse
Things that are here:
a +0 short sword; a kobold corpse A quokka comes into view.
The adder closely misses you. The adder attacks as you move away!
The adder barely misses you. The adder attacks as you move away!
The adder bites you.
You are poisoned.
The adder poisons you!
You feel sick. The adder attacks as you move away! The adder bites you.
You feel sick.
A dart slug comes into view.
The adder attacks as you move away! The adder bites you.
* * * LOW HITPOINT WARNING * * *
An adder comes into view.
* * * LOW HITPOINT WARNING * * *
You feel sick.
The adder hisses angrily.
* * * LOW HITPOINT WARNING * * *
You feel sick. The adder bites you.
You die...

... ...##
#..#.##)..<... ....
...# #............. ...
#..###.#....†..# ..
#..#..#..#.#
#.#####....<....#
#.#.....†...#..##
#.........#.#..##..#
#####..†...###)....S..#
#.............S@##.##
#....).....###.## ..
#..........#....# ...
#.....................
#......................
#....................
#.....#....#####....w
............# .....
.###...>.>..#


You could see 2 adders.

Vanquished Creatures
  An adder (D:2)
  2 endoplasms
  4 giant cockroaches
  4 hobgoblins (D:1)
  5 jackals
  2 kobolds
  2 quokkas (D:1)
  3 ball pythons (D:1)
  A frilled lizard (D:1)
  3 rats
27 creatures vanquished.

Notes
Turn   | Place    | Note
-------+----------+-------------------------------------------
     0 | D:1      | xian the Felid Conjurer began the quest for the Orb.
     0 | D:1      | Reached XP level 1. HP: 7/7 MP: 4/4
   245 | D:1      | Reached XP level 2. HP: 11/11 MP: 3/6
   248 | D:1      | Reached skill level 4 in Conjurations
   251 | D:1      | Learned a level 2 spell: Searing Ray
   409 | D:1      | Found a faded altar of an unknown god.
   931 | D:2      | Reached XP level 3. HP: 14/14 MP: 1/7
  1099 | D:2      | Slain by an adder

Illustrated notes

Levels and vault maps discovered:
D:1:      dpeg_arrival_tiny_h, layout_loops_cross,
          dreamdust_ecumenical_altar_statues
D:2:      layout_rooms

Skill      XL: |  1  2 |
---------------+-------+-----
Conjurations   | 4 |  4.3
Dodging        | |  2.8
Stealth        | |  2.9
Unarmed Combat | |  0.1
Spellcasting   | |  2.4

Action                   || total
-------------------------++-------
Melee: Unarmed           ||     9
       Bite              ||     1
 Cast: Magic Dart        ||    47
Armor: Skin              ||     2
Dodge: Dodged            ||    23
